 Dungeon Crawl Stone Soup version 0.18.1-48-g4cf74bf (webtiles) character file.

872 tyranidshit the Skirmisher (level 7, -3/67 HPs)
             Began as a Deep Dwarf Necromancer on July 11, 2016.
             Slain by Menkaure (6 damage)
             ... on level 4 of the Dungeon.
             The game lasted 00:17:30 (2498 turns).

tyranidshit the Skirmisher (Deep Dwarf Necromancer) Turns: 2498, Time: 00:17:30

Health: -3/67      AC:  5    Str: 12    XL:     7   Next: 74%
Magic:  21/24      EV: 12    Int: 17    God:
Gold:   170        SH:  0    Dex: 13    Spells: 2 memorised, 12 levels left

rFire  . . .     SeeInvis .     i - +0 halberd
rCold  . . .     Gourm    .     a - +0 robe
rNeg   . . .     Faith    .     (shield currently unavailable)
rPois  .         Spirit   .     (no helmet)
rElec  .         Dismiss  .     s - +0 cloak
rCorr  .         Reflect  .     (no gloves)
SustAt .         Harm     .     h - +1 pair of boots
MR     +....                    (no amulet)
Stlth  ++........               (no ring)
                                r - ring of magical power

@: very slightly contaminated, non-regenerating, somewhat resistant to hostile
enchantments, unstealthy
A: damage resistance, recharge devices, sense surroundings 1, slow regeneration
3
a: Device Recharging


You were on level 4 of the Dungeon.
You were hungry.

You visited 1 branch of the dungeon, and saw 4 of its levels.

You collected 170 gold pieces.

Inventory:

Hand Weapons
 e - a +0 dagger of speed
 i - a +0 halberd (weapon)
 y - a +0 rapier
 A - a +2 whip of flaming
Missiles
 x - 18 poisoned needles
Armour
 a - a +0 robe (worn)
 h - a +1 pair of boots (worn)
 s - a +0 cloak (worn)
Jewellery
 r - a ring of magical power (left hand)
Wands
 c - a wand of heal wounds (0/9)
Scrolls
 o - a scroll of enchant armour
 v - 3 scrolls of recharging {unknown}
 w - a scroll of fog {unknown}
 z - a scroll of immolation {unknown}
Potions
 f - 2 potions of haste {unknown}
 g - 2 potions of flight {unknown}
 k - 2 potions of lignification {unknown}
 l - a potion of mutation
 n - a potion of curing {unknown}
 p - a potion of invisibility {unknown}
 q - 2 potions of resistance {unknown}
 t - a potion of degeneration {unknown}
 u - 2 potions of beneficial mutation {unknown}
Books
 b - a book of Necromancy

   Spells                             Type                      Level
   a - Pain                           Necromancy                   1
   b - Animate Skeleton               Necromancy                   1
   c - Vampiric Draining              Necromancy                   3
   d - Regeneration                   Charms/Necromancy            3
   e - Animate Dead                   Necromancy                   4
   f - Control Undead                 Necromancy                   4
Comestibles
 d - 3 bread rations
 j - 2 fruits
 m - a slice of pizza
 B - 2 chunks of flesh


   Skills:
 + Level 5.5 Fighting
 - Level 2.1 Dodging
 - Level 2.4 Stealth
 + Level 5.4 Spellcasting
 - Level 4.3 Necromancy


You had 12 spell levels left.
You knew the following spells:

 Your Spells              Type           Power        Failure   Level  Hunger
a - Pain                  Necr           ###.         2%          1    None
b - Vampiric Draining     Necr           ###.......   10%         3    ##.....


Dungeon Overview and Level Annotations

Branches:
Dungeon (4/15)
 Temple: D:4-7

Altars:
Gozag
Okawaru
The Shining One

Annotations:
D:4 Menkaure


Innate Abilities, Weirdness & Mutations

You are resistant to damage.
You can recharge devices by infusing magical energy.
You passively map a small area around you.
You do not regenerate naturally.


Message History

The giant newt bites you but does no damage.
Menkaure hits you!!
* * * LOW HITPOINT WARNING * * *
The giant newt barely misses you.
Evoke which item? (* to show all) (? for menu, Esc to quit)
Okay, then.
Read which item? (? for menu, Esc to quit)
Okay, then.
Casting: Vampiric Draining
Confirm with . or Enter, or press ? or * to list all spells.
Okay, then.
Casting: Vampiric Draining
Confirm with . or Enter, or press ? or * to list all spells.
Aiming: Vampiric Draining
Press: ? - help, Shift-Dir - straight line, f - giant newt
Aim: a giant newt You miscast Vampiric Draining.
You are very lightly contaminated with residual magic.
You feel very uncomfortable. Menkaure hits you!
You die...

.......####.............#
###p...#,,######'###....#
..#....#.... #....#....#
..#....#.... ,#...M#....#
..'....#.... #....'....#
..#....# ... ,#....#.l..#
.##....###..* ######....######
.#......p#..###..######......#
#.......#..#..l@M.รท....#....#
#.[.....'..'.....[.....#....#
##<......#..###..####...#....##
#..[.##########..####...#.....#
#....#........#....#....#.....#
#....'........'....#....#.....#
'....#........#....#....#.....#
#....#........#....#....#.....#
#.(..####################.....#


You could see Menkaure and a giant newt.

Vanquished Creatures
  Pikel (D:4)
  Eustachio (D:4)
  A giant frog skeleton (D:4)
  An iguana (D:4)
  Natasha (twice) (D:4)
  A worker ant (D:4)
  A hound skeleton (D:4)
  4 gnolls (D:4)
  6 adders
  An ooze (D:2)
  3 worms
  A dart slug (D:2)
  5 orcs
  A ball python (D:2)
  3 giant cockroaches
  9 goblins
  4 hobgoblins
  6 jackals
  A quokka (D:2)
  2 bats
  2 giant newts
  10 kobolds
  9 rats
75 creatures vanquished.

Vanquished Creatures (others)
  A slave (D:4)
1 creature vanquished.

Grand Total: 76 creatures vanquished

Notes
Turn   | Place    | Note
--------------------------------------------------------------
     0 | D:1      | tyranidshit the Deep Dwarf Necromancer began the quest for the Orb.
     0 | D:1      | Reached XP level 1. HP: 15/15 MP: 3/3
   265 | D:1      | Reached skill level 1 in Fighting
   283 | D:1      | Reached XP level 2. HP: 25/25 MP: 1/5
   506 | D:2      | Found a glowing golden altar of the Shining One.
   564 | D:2      | Reached XP level 3. HP: 23/31 MP: 0/6
   569 | D:2      | Learned a level 3 spell: Vampiric Draining
   713 | D:2      | Found an opulent altar of Gozag.
   900 | D:3      | Reached XP level 4. HP: 28/39 MP: 0/8
  1400 | D:3      | Found an iron altar of Okawaru.
  1927 | D:4      | Reached XP level 5. HP: 35/49 MP: 10/10
  1931 | D:4      | Noticed Eustachio
  1956 | D:4      | Killed Eustachio
  1956 | D:4      | Reached XP level 6. HP: 54/57 MP: 0/12
  2150 | D:4      | Noticed Natasha
  2159 | D:4      | Killed Natasha
  2266 | D:4      | Noticed a slave
  2266 | D:4      | Noticed a slave
  2267 | D:4      | Noticed Pikel
  2267 | D:4      | Noticed a slave
  2267 | D:4      | Noticed a slave
  2316 | D:4      | Killed Pikel
  2316 | D:4      | Reached skill level 5 in Fighting
  2316 | D:4      | Reached skill level 5 in Spellcasting
  2316 | D:4      | Reached XP level 7. HP: 26/67 MP: 1/15
  2352 | D:4      | Noticed Natasha
  2359 | D:4      | Killed Natasha
  2464 | D:4      | Noticed Menkaure
  2497 | D:4      | HP: 3/67 [Menkaure (18)]
  2498 | D:4      | Slain by Menkaure

Skill      XL: |  1  2  3  4  5  6 |
---------------+-------------------+-----
Fighting       | 1 2 3 5 |  5.5
Spellcasting   | 2 3 4 5 |  5.4
Dodging        | |  2.1
Stealth        | |  2.4
Necromancy     | |  4.3

Action                   |  1- 3 |  4- 6 |  7- 9 || total
-------------------------+-------+-------+-------++-------
Melee: Spear             |    15 |       |       ||    15
       Unarmed           |     1 |       |       ||     1
       Falchion          |    27 |    13 |       ||    40
       Halberd           |       |    48 |     5 ||    53
 Cast: Pain              |    39 |    41 |       ||    80
       Vampiric Draining |     6 |    29 |     3 ||    38
Evoke: Wand              |       |     4 |     1 ||     5
  Use: Scroll            |     4 |     2 |       ||     6
 Stab: Sleeping          |     1 |     1 |       ||     2
  Eat: Bread ration      |     1 |     1 |       ||     2
Armor: Robe              |    15 |    61 |     3 ||    79
Dodge: Dodged            |    41 |   132 |     6 ||   179
